 Dungeon Crawl Stone Soup version 0.32-a0-898-g7811c86cf0 (webtiles) character file.

Game seed: 17325945891665843251

17953 Biggs the Skirmisher (level 12, -5/95 HPs)
             Began as a Coglin Hunter on Apr 4, 2024.
             Was the Champion of Okawaru.
             Slain by a redback (9 damage)
             ... in a Gauntlet.
             The game lasted 00:20:33 (11199 turns).

Biggs the Skirmisher (Coglin Hunter)               Turns: 11199, Time: 00:20:34

Health: -5/95      AC: 13    Str: 15    XL:     12   Next: 53%
Magic:  12/12      EV: 20    Int: 10    God:    Okawaru [******]
Gold:   539        SH:  0    Dex: 28    Spells: 11/11 levels left

rFire   . . .        c - +8 hand cannon "Taczont" {penet, ^Drain rElec Dex+6 Stlth+}
rCold   . . .        a - +2 sling (flame) {Kaede}
rNeg    . . .        B - +0 steam dragon scales
rPois   +            K - +2 helmet
rElec   +            D - +0 cloak
rCorr   .            E - +2 pair of gloves
SInv    .            O - +0 pair of boots of the Learner {rElec rPois Str+4}
Will    +....        (amulet unavailable)
Stlth   +++          (ring unavailable)
HPRegen 0.35/turn    (ring unavailable)
MPRegen 0.13/turn    (no gizmo)

%: no teleportation
@: lethally poisoned (-5 -> -26), enlightened, flying, revved
A: off-hand wielding, slow wielding, warmup strikes, no jewellery
a: Invent Gizmo, Renounce Religion, Heroism, Finesse, Duel


You were in a Gauntlet.
You worshipped Okawaru.
Okawaru was exalted by your worship.
You visited 2 branches of the dungeon, and saw 12 of its levels.
You also visited: Bailey and Gauntlet.

You collected 719 gold pieces.
You spent 180 gold pieces at shops.

Inventory:

Hand Weapons
 a - a +2 sling of flaming (offhand) {Kaede}
 c - the +8 hand cannon "Taczont" (weapon) {penet, ^Drain rElec Dex+6 Stlth+}
   (Okawaru gifted it to you on level 10 of the Dungeon)

   Dex+6:     It affects your dexterity (+6).
   rElec:     It insulates you from electricity.
   ^Drain:    It drains your maximum health when unequipped.
   Stlth+:    It makes you more stealthy.
 d - a +0 sling {Ujjalroop}
Missiles
 s - a throwing net
Armour
 B - +0 steam dragon scales (worn)
 D - a +0 cloak (worn)
 E - a +2 pair of gloves (worn)
 F - a +4 ring mail of cold resistance
 K - a +2 helmet (worn)
 O - the +0 pair of boots of the Learner (worn) {rElec rPois Str+4}
   (Okawaru gifted it to you on level 10 of the Dungeon)

   Str+4:     It affects your strength (+4).
   rElec:     It insulates you from electricity.
   rPois:     It protects you from poison.
Wands
 C - a wand of mindburst (7)
 M - a wand of iceblast (5)
Scrolls
 f - 2 scrolls of torment
 h - a scroll of brand weapon
 j - a scroll of revelation
 k - a scroll of vulnerability
 l - a scroll of enchant armour
 m - 2 scrolls of fear
 o - 3 scrolls of teleportation
 q - a scroll of enchant weapon {unknown}
 t - a scroll of acquirement {unknown}
 u - 6 scrolls of noise
 y - a scroll of blinking {unknown}
 A - 3 scrolls of amnesia {unknown}
 I - a scroll of poison {unknown}
 N - a scroll of fog {unknown}
Potions
 b - 4 potions of lignification {unknown}
 e - 4 potions of heal wounds
 g - 2 potions of attraction {unknown}
 i - a potion of berserk rage {unknown}
 n - 3 potions of brilliance {unknown}
 p - 2 potions of mutation {unknown}
 r - a potion of resistance {unknown}
 v - 2 potions of curing
 w - a potion of haste
 x - a potion of magic {unknown}
 z - 17 potions of degeneration
 G - a potion of cancellation {unknown}
 H - 3 potions of enlightenment
 L - a potion of might {unknown}


   Skills:
 - Level 9.2 Fighting
 + Level 14.6 Ranged Weapons
 - Level 9.0 Dodging
 - Level 0.7 Stealth


You had 11 spell levels left.
You didn't know any spells.
Your spell library contained the following spells:

 Spells                   Type           Power      Damage    Failure   Level
 Magic Dart               Conj           0%         1d3       36%         1
 Blink                    Tloc           0%         N/A       50%         2
 Lesser Beckoning         Tloc           0%         N/A       50%         2
 Fugue of the Fallen      Necr           0%         N/A       75%         3
 Maxwell's Portable Pile  Tloc           0%         2d(5-13)  75%         3
 Ozocubu's Armour         Ice            0%         N/A       75%         3
 Teleport Other           Tloc           0%         N/A       75%         3
 Leda's Liquefaction      Alch/Erth      0%         N/A       98%         4
 Petrify                  Alch/Erth      0%         N/A       98%         4
 Lee's Rapid Deconstruct  Erth           0%         3d4*      100%        5
 Metabolic Englaciation   Hex/Ice        0%         N/A       100%        5
 Manifold Assault         Tloc           0%         N/A       100%        7
 Call Imp                 Summ           Unusable   N/A       N/A         2
 Animate Armour           Summ/Erth      Unusable   N/A       N/A         4
 Summon Lightning Spire   Summ/Air       Unusable   N/A       N/A         4

Dungeon Overview and Level Annotations

Branches:
Dungeon (11/15)            Temple (1/1) D:6            Lair (0/5) D:10
    Orc (0/2) D:11         Bailey (visited)         Gauntlet (1/1)

Altars:
Ashenzari
Cheibriados
Dithmenos
Elyvilon
Fedhas
Gozag
Hepliaklqana
Kikubaaqudgha
Makhleb
Nemelex Xobeh
Okawaru
Qazlal
Ru
Sif Muna
Trog
Uskayaw
Vehumet
Wu Jian
Xom
Yredelemnul
Zin
The Shining One
Beogh

Shops:
D:1 !

Portals:
Trove: D:10 (give 11 potions of heal wounds)

Annotations:
D:5 1 runed translucent door, NotBatman's ghost, novice MDFi
D:10 3 runed translucent doors, smashvw's ghost, journeyman DrCj Gauntlet 9 transporters


Innate Abilities, Weirdness & Mutations

You can wield a second weapon in your off-hand.
It takes a long time for you to wield or remove held weapons.
Your first few attacks do less damage.
You cannot equip rings or amulets.


Message History

The redback is almost dead.
You shoot a slug. The slug pierces through the redback!
You kill the redback!
Okawaru accepts your kill.
The moth of wrath bites you but does no damage.
Unknown command.
Fire: c) +8 hand cannon "Taczont" {penet, ^Drain rElec Dex+6 Stlth+}
Press: ? - help, Q - select action, (/) - cycle Shift-Dir - straight line, f - moth of wrath
Aim: a moth of wrath (magical condensation, 78% to hit)
You shoot a sling bullet.
The sling bullet closely misses the moth of wrath.
You shoot a slug.
The slug pierces through the moth of wrath!!
The moth of wrath is heavily wounded.
The redback bites you.
* * * LOW HITPOINT WARNING * * *
You are lethally poisoned!
The redback poisons you! The moth of wrath bites you!
* * * LOW HITPOINT WARNING * * *
The redback completely misses you. The moth of wrath barely misses you.
Fire: c) +8 hand cannon "Taczont" {penet, ^Drain rElec Dex+6 Stlth+}
Press: ? - help, Q - select action, (/) - cycle Shift-Dir - straight line, f/p - moth of wrath
Aim: a moth of wrath (magical condensation, heavily wounded, 78% to hit)
You shoot a slug.
The slug pierces through the moth of wrath!!
You kill the moth of wrath!
Okawaru accepts your kill. Okawaru grants you throwing weapons!
Something appears at your feet!
You shoot a sling bullet.
* * * LOW HITPOINT WARNING * * *
You feel extremely sick.
The redback bites you but does no damage.
Unknown command.
You feel very buoyant.
You fly up into the air.
* * * LOW HITPOINT WARNING * * *
You feel very sick. The redback bites you!
You die...

######...###########..###
©.#....≈....#.©.#.....#ß#
..#...≈ߧ...#...#.ß...###
©.#....§....#.©.#.....#
######...###########..###
..hhb#...#.^^......#..#ß#
.##.b#...#.#.#.#.#.#..###
.b##.#...#..#.#°#○.#..#
..b#.#...#.#.#.#@#.#..###
©....#...#^.#^©s#☼.#..#ß#
...#.#...#.#.#.#.#.#..###
..##.#...#..#^#^#..#..#
.##..#...#.#.#.#.#.#..###
©.?..#...#.^.!©[:..#..#ß#
######...###########..###
©.#....≈....#.©.#.....#
..#...≈ß≈...#...#.ß...###


You could see a redback.

Vanquished Creatures
  A vault guard (D:10)
  5 two-headed ogres
  A boulder beetle (D:11)
  Pikel (D:4)
  An orc knight (Bailey)
  2 manticores
  A moth of wrath (Gauntlet)
  A troll (D:10)
  2 hornets
  Sigmund (D:4)
  2 slime creatures (Gauntlet)
  33 yaks
  2 shadows (D:9)
  A vampire (D:11)
  A wraith (D:9)
  2 steam dragons
  2 redbacks (Gauntlet)
  3 vampire mosquitoes (D:11)
  3 water moccasins (D:5)
  7 orc warriors
  2 ice beasts (D:8)
  3 black bears
  An ogre (D:3)
  A wolf (D:10)
  A centaur (D:9)
  A phantom (D:5)
  2 lemures (D:4)
  A kobold brigand (D:7)
  6 bullfrogs
  A wight (D:9)
  15 killer bees
  3 howler monkeys
  2 crimson imps (D:10)
  2 bombardier beetles
  6 hounds
  A gnoll bouda (D:5)
  9 orc priests
  6 jellies
  Crazy Yiuf (D:7)
  An iguana (D:7)
  9 orc wizards
  2 sleepcaps
  Robin (D:4)
  17 gnolls
  3 adders
  2 shadow imps (D:5)
  6 white imps
  2 ufetubi (D:6)
  4 dart slugs
  36 orcs
  2 bats
  2 endoplasms
  4 giant cockroaches
  9 hobgoblins
  4 jackals
  25 kobolds
  2 quokkas
  A ball python (D:4)
  3 frilled lizards
  22 goblins
  3 rats
296 creatures vanquished.

Notes
Turn   | Place    | Note
-------+----------+-------------------------------------------
     0 | D:1      | Biggs the Coglin Hunter began the quest for the Orb.
     0 | D:1      | Reached XP level 1. HP: 16/16 MP: 1/1
   229 | D:1      | Reached skill level 4 in Ranged Weapons
   229 | D:1      | Reached XP level 2. HP: 19/22 MP: 2/2
   332 | D:1      | Found Ceidod's Distillery.
   340 | D:1      | Bought a potion of heal wounds for 50 gold pieces
   527 | D:2      | Reached XP level 3. HP: 27/27 MP: 3/3
  1091 | D:2      | Reached skill level 5 in Ranged Weapons
  1091 | D:2      | Reached XP level 4. HP: 33/33 MP: 4/4
  1098 | D:3      | Found an opulent altar of Gozag.
  1153 | D:3      | Noticed a black bear
  1159 | D:3      | Killed a black bear
  1160 | D:3      | Reached skill level 6 in Ranged Weapons
  1160 | D:3      | Reached XP level 5. HP: 38/38 MP: 5/5
  1454 | D:3      | Noticed an ogre
  1460 | D:3      | Reached XP level 6. HP: 42/44 MP: 6/6
  1722 | D:4      | Reached skill level 7 in Ranged Weapons
  1969 | D:4      | Found a stormy altar of Qazlal.
  1978 | D:4      | Noticed Pikel
  2158 | D:4      | Killed Pikel
  2159 | D:4      | Reached skill level 8 in Ranged Weapons
  2159 | D:4      | Reached XP level 7. HP: 15/50 MP: 7/7
  2347 | D:4      | Identified the +0 robe of the Hall of Blades {Harm rF-
                  | Int+4}
  2471 | D:4      | Noticed Robin
  2479 | D:4      | Reached XP level 8. HP: 48/56 MP: 8/8
  2483 | D:4      | Killed Robin
  2671 | D:4      | Noticed Sigmund
  2677 | D:4      | Killed Sigmund
  2678 | D:4      | Reached skill level 9 in Ranged Weapons
  2690 | D:4      | Found a roughly hewn altar of Beogh.
  2880 | D:5      | Entered Level 5 of the Dungeon
  3111 | D:5      | Reached skill level 5 in Fighting
  3290 | D:5      | Found a runed translucent door.
  3308 | D:5      | Noticed NotBatman's ghost (novice MDFi)
  3383 | D:5      | Reached XP level 9. HP: 19/68 MP: 9/9
  3610 | D:5      | Found a shimmering altar of Xom.
  3639 | D:5      | Found a snail-covered altar of Cheibriados.
  4008 | D:1      | Bought a potion of curing for 30 gold pieces
  4008 | D:1      | Bought a potion of haste for 100 gold pieces
  4432 | D:6      | Found a staircase to the Ecumenical Temple.
  4451 | Temple   | Entered the Ecumenical Temple
  4457 | Temple   | Became a worshipper of Warmaster Okawaru
  4492 | D:6      | Reached skill level 5 in Dodging
  4545 | D:6      | Noticed a manticore
  4554 | D:6      | Killed a manticore
  4554 | D:6      | Reached * piety under Okawaru
  4822 | D:6      | Noticed a two-headed ogre
  4837 | D:6      | Killed a two-headed ogre
  4843 | D:6      | Reached ** piety under Okawaru
  5330 | D:6      | Reached XP level 10. HP: 39/74 MP: 10/10
  5552 | D:6      | Found a glowing silver altar of Zin.
  5766 | D:7      | Found a hazy altar of Hepliaklqana.
  5930 | D:7      | Reached *** piety under Okawaru
  6012 | D:7      | Found a runed translucent door.
  6013 | D:7      | Noticed Crazy Yiuf
  6054 | D:7      | Killed Crazy Yiuf
  6064 | D:7      | Identified the +11 hammer "Beafutwoynk" {protect, rC++
                  | Str-5 Stlth+}
  6145 | D:7      | Noticed a two-headed ogre
  6158 | D:7      | Killed a two-headed ogre
  6159 | D:7      | Reached skill level 10 in Ranged Weapons
  6607 | D:7      | Found a basalt altar of Yredelemnul.
  6614 | D:7      | Found a hide-covered altar of Uskayaw.
  6620 | D:7      | Found a shadowy altar of Dithmenos.
  7008 | D:8      | Found a sparkling altar of Nemelex Xobeh.
  7008 | D:8      | Noticed a two-headed ogre
  7016 | D:8      | Killed a two-headed ogre
  7016 | D:8      | Reached **** piety under Okawaru
  7017 | D:8      | Reached skill level 11 in Ranged Weapons
  7136 | D:8      | Found a radiant altar of Vehumet.
  7141 | D:8      | Paralysed by a hornet for 2 turns
  7416 | D:8      | Found a flagged portal.
  7435 | Bailey   | Entered a bailey
  7601 | Bailey   | Reached ***** piety under Okawaru
  7601 | Bailey   | Noticed an orc knight
  7680 | Bailey   | Killed an orc knight
  7681 | Bailey   | Reached skill level 12 in Ranged Weapons
  7681 | Bailey   | Reached XP level 11. HP: 26/79 MP: 11/11
  8453 | D:8      | Found a bloodstained altar of Trog.
  8726 | D:9      | Received a gift from Okawaru
  8739 | D:9      | Reached skill level 13 in Ranged Weapons
  8998 | D:9      | Found an ornate altar of the Wu Jian Council.
  9043 | D:9      | Noticed a two-headed ogre
  9051 | D:9      | Killed a two-headed ogre
  9347 | D:9      | Reached skill level 14 in Ranged Weapons
  9430 | D:9      | Found a shimmering blue altar of Sif Muna.
  9691 | D:10     | Entered Level 10 of the Dungeon
 10046 | D:10     | Noticed a vault guard
 10149 | D:10     | Killed a vault guard
 10326 | D:10     | Reached XP level 12. HP: 91/91 MP: 12/12
 10332 | D:10     | Reached ****** piety under Okawaru
 10338 | D:10     | Acquired the +0 pair of boots of the Learner {rElec rPois
                  | Str+4}
 10338 | D:10     | Received a gift from Okawaru
 10352 | D:10     | Acquired the +8 hand cannon "Taczont" {penet, ^Drain rElec
                  | Dex+6 Stlth+}
 10352 | D:10     | Received a gift from Okawaru
 10380 | D:10     | Found a runed translucent gate.
 10380 | D:10     | Found a runed translucent gate.
 10380 | D:10     | Noticed smashvw's ghost (journeyman DrCj)
 10381 | D:10     | Found a runed translucent gate.
 10381 | D:10     | Noticed a nine-headed hydra
 10414 | D:10     | Found a portal to a secret trove of treasure.
 10588 | D:10     | Found a staircase to the Lair.
 10601 | D:10     | Received a gift from Okawaru
 10695 | D:10     | Noticed a two-headed ogre
 10702 | D:10     | Killed a two-headed ogre
 10824 | D:11     | Noticed a boulder beetle
 10834 | D:11     | Killed a boulder beetle
 10840 | D:11     | Found a gate leading to a gauntlet.
 10872 | Gauntlet | Entered a Gauntlet
 10872 | Gauntlet | Found a transporter.
 10872 | Gauntlet | Found a transporter.
 10895 | Gauntlet | Found a transporter.
 10896 | Gauntlet | Found a transporter.
 10901 | Gauntlet | Noticed a hell hog
 10905 | Gauntlet | Found a transporter.
 10909 | Gauntlet | Found a transporter.
 10955 | Gauntlet | Found a transporter.
 10979 | Gauntlet | Found a transporter.
 10985 | Gauntlet | Found a transporter.
 10988 | Gauntlet | Found a transporter.
 11003 | Gauntlet | Found a transporter.
 11007 | Gauntlet | Found a transporter.
 11075 | Gauntlet | Found the ring of the Hare {EV+10}
 11198 | Gauntlet | Received a gift from Okawaru
 11199 | Gauntlet | HP: 4/95 [poisoned by a redback]
 11199 | Gauntlet | Slain by a redback

Illustrated notes

Levels and vault maps discovered:
D:1:      minmay_arrival_loop, layout_rooms, serial_shops, nicolae_shop_stone,
          kennysheep_nondescript
D:2:      layout_loops_ring
D:3:      layout_rooms, old_standard_altar, minmay_ogre_servants
D:4:      layout_cave_pods, mainiacjoe_overflow_brackets, kennysheep_orc_chapel,
          uniq_robin, uniq_sigmund, uniq_pikel
D:5:      layout_basic, kennysheep_mini_moat, slow_altar_1,
          ebering_ghost_sewer_d
D:6:      layout_gridville, zin_treasury, minmay_temple_entry_glass,
          serial_rivers, chequers_serial_rivers_room_b,
          chequers_serial_rivers_large_a, chequers_serial_rivers_marsh,
          chequers_serial_rivers_small_a, chequers_serial_rivers_small_3,
          nicolae_concentric_dashed_squares_mild,
          serial_library_hellmonk_angled_corner
D:7:      layout_loops_ring, minmay_overflow_temple_star_quad,
          nicolae_hepliaklqana_hazy_memory, uniq_crazy_yiuf_cottage
D:8:      layout_loops_cross, trog_book, jmf_multi_god_temple2, enter_bailey_7,
          palyth_stone_intersect, nicolae_wwwww, grunt_ministairs_2
D:9:      layout_cave_pools, lemuel_blue_sif_altar,
          mainiacjoe_overflow_alcove_2, minmay_quadrilaterals
D:10:     layout_gridville, erik_lair_island, enter_trove_5,
          gammafunk_ghost_hydra_chop, minmay_fire_ice_demons
D:11:     layout_big_octagon, erik_orc_4, gauntlet_entry_generic, st_stairs_2
Temple:   hellmonk_temple_rainy
Gauntlet: gammafunk_gauntlet_hard_choice [gammafunk_gauntlet_arena_teeth,
          gammafunk_gauntlet_arena_chambers, gammafunk_gauntlet_arena_grid,
          gammafunk_gauntlet_arena_split_diamond,
          gammafunk_gauntlet_arena_mazey, gammafunk_gauntlet_arena_spirals,
          nicolae_gauntlet_exit_dead_adventurers]

Skill      XL: |  1  2  3  4  5  6  7  8  9 10 11 12 |
---------------+-------------------------------------+-----
Ranged Weapons | 4 5 6 8 9 12 14 | 14.6
Fighting       | 5 7 9 |  9.2
Dodging        | 4 9 |  9.0
Stealth        | |  0.7

Action                     |  1- 3 |  4- 6 |  7- 9 | 10-12 || total
---------------------------+-------+-------+-------+-------++-------
   Fire: Sling             |    94 |   222 |   478 |  1140 ||  1934
         Hand cannon       |       |       |       |    78 ||    78
 Invoke: Receive Weapon    |       |       |       |     1 ||     1
         Receive Armour    |       |       |       |     1 ||     1
  Evoke: Wand              |       |       |       |     9 ||     9
    Use: Scroll            |       |     1 |       |    10 ||    11
         Potion            |       |       |     2 |     5 ||     7
 Armour: Leather armour    |     5 |    24 |    76 |       ||   105
         Steam dragon scal |       |       |       |   136 ||   136
  Dodge: Dodged            |     6 |    20 |    76 |   186 ||   288

Table legend: (Time is in decaauts)
 A = Elapsed time spent in this place.
 B = Non-inter-level travel time spent in this place.
 C = Inter-level travel time spent in this place.
 D = Time resting spent in this place.
 E = Time spent auto-exploring this place.
 F = Levels seen in this place.
 G = Mean time per level.
                   A        B        C        D        E       F      G
               +--------+--------+--------+--------+--------+-----+--------+
         Total |  11099 |  10432 |    667 |    324 |   7992 |  14 |  792.8 |
       Dungeon |  10243 |   9581 |    662 |    316 |   7633 |  11 |  931.2 |
        Temple |     12 |      7 |      5 |      0 |      0 |   1 |   12.0 |
        Bailey |    517 |    517 |      0 |      0 |    359 |   1 |  517.0 |
      Gauntlet |    325 |    325 |      0 |      8 |      0 |   1 |  325.0 |
               +--------+--------+--------+--------+--------+-----+--------+

Top non-repeatable levels by time:
     D:6: 1315 daAuts
     D:5: 1277 daAuts
     D:4: 1228 daAuts
     D:8: 1217 daAuts
     D:7: 1178 daAuts
    D:10: 1019 daAuts
     D:9: 1010 daAuts
     D:3: 704 daAuts
     D:2: 653 daAuts
     D:1: 577 daAuts
  Bailey: 517 daAuts
Gauntlet: 325 daAuts
    D:11: 61 daAuts
  Temple: 12 daAuts
